% Time on Ice - SAN JOSE BRONCOS
Lines # - Real PCT - Wanted PCT - Time Play
Normal Forward
1 - 34% - 36% - 16:39
2 - 29% - 31% - 14:20
3 - 26% - 23% - 12:48
4 - 12% - 10% - 5:53
Normal Defense
1 - 34% - 36% - 17:06
2 - 34% - 31% - 16:50
3 - 28% - 23% - 13:44
4 - 4% - 10% - 2:00
PP Forward
1 - 74% - 55% - 2:57
2 - 26% - 45% - 1:01
PP Defense
1 - 57% - 55% - 2:16
2 - 43% - 45% - 1:42
PK Forward
1 - 69% - 55% - 4:22
2 - 31% - 45% - 2:00
PK Defense
1 - 43% - 55% - 2:46
2 - 57% - 45% - 3:36
PK3 Forward
1 - 0% - 55%
2 - 0% - 45%
PK3 Defense
1 - 0% - 55%
2 - 0% - 45%
44 Forward
1 - 0% - 55%
2 - 0% - 45%
44 Defense
1 - 0% - 55%
2 - 0% - 45%
Last Minute Offensive  - 0:00
Last Minute Defensive  - 0:00
Total
Forward - 60:00
Defense - 60:00
% Time on Ice - PORTLAND PIRATES
Lines # - Real PCT - Wanted PCT - Time Play
Normal Forward
1 - 34% - 35% - 16:42
2 - 32% - 33% - 15:53
3 - 22% - 22% - 10:44
4 - 13% - 10% - 6:21
Normal Defense
1 - 34% - 35% - 17:00
2 - 34% - 35% - 17:00
3 - 24% - 22% - 11:59
4 - 7% - 8% - 3:41
PP Forward
1 - 56% - 60% - 3:33
2 - 44% - 40% - 2:49
PP Defense
1 - 57% - 60% - 3:37
2 - 43% - 40% - 2:45
PK Forward
1 - 61% - 60% - 2:26
2 - 39% - 40% - 1:32
PK Defense
1 - 47% - 60% - 1:53
2 - 53% - 40% - 2:05
PK3 Forward
1 - 0% - 55%
2 - 0% - 45%
PK3 Defense
1 - 0% - 55%
2 - 0% - 45%
44 Forward
1 - 0% - 55%
2 - 0% - 45%
44 Defense
1 - 0% - 55%
2 - 0% - 45%
Last Minute Offensive  - 0:00
Last Minute Defensive  - 0:00
Total
Forward - 60:00
Defense - 60:00
Play-by-Play 1st period 0:01 of 1st period - Clayton Keller wins face-off versus Travis Konecny in neutral zone. 0:18 of 1st period - Shot by Jesper Bratt. 0:18 of 1st period - Shot Misses the Net. 0:22 of 1st period - Shot by Oliver Bjorkstrand. 0:22 of 1st period - Shot Blocked by Robert Thomas. 1:28 of 1st period - Shot by Chandler Stephenson. 1:28 of 1st period - Shot Misses the Net. 1:37 of 1st period - Shot by Chandler Stephenson. 1:37 of 1st period - Stopped by Garrett Metcalf without a rebound. 1:38 of 1st period - Jonathan Toews wins face-off versus Tyson Jost in SAN JOSE BRONCOS zone. 2:16 of 1st period - Shot by Kyle Palmieri. 2:16 of 1st period - Stopped by Garrett Metcalf without a rebound. 2:17 of 1st period - Michael McLeod wins face-off versus Brayden Point in SAN JOSE BRONCOS zone. 2:31 of 1st period - Minor Penalty to Nathan Bastian for Hooking. 2:32 of 1st period - Brayden Point wins face-off versus Yanni Gourde in PORTLAND PIRATES zone. 3:01 of 1st period - Brett Pesce is hit by Jesse Puljujarvi and loses puck. 4:23 of 1st period - Shot by Cole Caufield. 4:23 of 1st period - Stopped by Cameron Talbot without a rebound. 4:24 of 1st period - Michael McLeod wins face-off versus Clayton Keller in PORTLAND PIRATES zone. 4:41 of 1st period - Shot by Robert Thomas. 4:41 of 1st period - Shot Misses the Net. 4:43 of 1st period - Shot by Mika Zibanejad. 4:43 of 1st period - Goal by Mika Zibanejad - SAN JOSE BRONCOS : 0 - PORTLAND PIRATES : 1. 4:44 of 1st period - Brett Leason wins face-off versus Mika Zibanejad in neutral zone. 5:45 of 1st period - Shot by Yanni Gourde. 5:45 of 1st period - Stopped by Garrett Metcalf without a rebound. 5:45 of 1st period - Minor Penalty to Timothy Liljegren for Tripping. 5:46 of 1st period - Robert Thomas wins face-off versus Clayton Keller in SAN JOSE BRONCOS zone. 6:03 of 1st period - Shot by Thomas Chabot. 6:03 of 1st period - Shot Blocked by Adam Pelech. 6:07 of 1st period - Shot by Robert Thomas. 6:07 of 1st period - Shot Misses the Net. 6:09 of 1st period - Shot by Pavel Zacha. 6:09 of 1st period - Goal by Pavel Zacha - SAN JOSE BRONCOS : 0 - PORTLAND PIRATES : 2. 6:10 of 1st period - Jonathan Toews wins face-off versus Brayden Point in neutral zone. 6:13 of 1st period - Shot by Kyle Palmieri. 6:13 of 1st period - Stopped by Garrett Metcalf without a rebound. 6:14 of 1st period - Chandler Stephenson wins face-off versus Brayden Point in SAN JOSE BRONCOS zone. 6:25 of 1st period - Shot by Yanni Gourde. 6:25 of 1st period - Stopped by Garrett Metcalf without a rebound. 6:26 of 1st period - Jonathan Toews wins face-off versus Clayton Keller in SAN JOSE BRONCOS zone. 6:36 of 1st period - Shot by Jesper Bratt. 6:36 of 1st period - Shot Misses the Net. 7:08 of 1st period - Shot by Oliver Bjorkstrand. 7:08 of 1st period - Stopped by Cameron Talbot with a rebound. 7:10 of 1st period - Shot by Oliver Bjorkstrand. 7:10 of 1st period - Deflect By Clayton Keller. 7:10 of 1st period - Stopped by Cameron Talbot without a rebound. 7:11 of 1st period - Chandler Stephenson wins face-off versus Brayden Point in PORTLAND PIRATES zone. 7:19 of 1st period - Brayden Point is hit by Travis Hamonic. 7:47 of 1st period - Brayden Point is hit by Travis Hamonic and loses puck. 7:57 of 1st period - Cole Caufield is hit by Brian Dumoulin and loses puck. 8:27 of 1st period - Travis Konecny is hit by Ville Ottavainen and loses puck. 8:59 of 1st period - Robert Thomas is hit by Ville Ottavainen and loses puck. 9:36 of 1st period - Jaccob Slavin is hit by Nathan Bastian and loses puck. 9:51 of 1st period - Shot by Jesper Bratt. 9:51 of 1st period - Stopped by Cameron Talbot without a rebound. 9:52 of 1st period - Jonathan Toews wins face-off versus Tyson Jost in PORTLAND PIRATES zone. 9:57 of 1st period - Tyson Jost is hit by Alexander Kerfoot and loses puck. 10:52 of 1st period - Kyle Palmieri is hit by Jesse Puljujarvi and loses puck. 11:02 of 1st period - Jonathan Toews is hit by Jesse Puljujarvi and loses puck. 11:30 of 1st period - Shot by Chandler Stephenson. 11:30 of 1st period - Shot Misses the Net. 11:46 of 1st period - Shot by Pavel Zacha. 11:46 of 1st period - Deflect By Chandler Stephenson. 11:46 of 1st period - Stopped by Garrett Metcalf with a rebound. 11:48 of 1st period - Shot by Chandler Stephenson. 11:48 of 1st period - Shot Misses the Net. 12:27 of 1st period - Oliver Bjorkstrand is hit by Marc-Edouard Vlasic and loses puck. 12:37 of 1st period - Minor Penalty to Travis Konecny for Holding. 12:38 of 1st period - Yanni Gourde wins face-off versus Clayton Keller in PORTLAND PIRATES zone. 13:33 of 1st period - Icing by Brett Leason. 13:34 of 1st period - Yanni Gourde wins face-off versus Anthony Richard in SAN JOSE BRONCOS zone. 13:37 of 1st period - Shot by Alexander Kerfoot. 13:37 of 1st period - Stopped by Garrett Metcalf with a rebound. 14:38 of 1st period - Icing by Jaccob Slavin. 14:39 of 1st period - Mika Zibanejad wins face-off versus Brayden Point in SAN JOSE BRONCOS zone. 14:48 of 1st period - Shot by Robert Thomas. 14:48 of 1st period - Deflect By Mika Zibanejad. 14:48 of 1st period - Stopped by Garrett Metcalf with a rebound. 15:09 of 1st period - Icing by Robert Thomas. 15:10 of 1st period - Tyson Jost wins face-off versus Mika Zibanejad in PORTLAND PIRATES zone. 15:25 of 1st period - Shot by Travis Konecny. 15:25 of 1st period - Stopped by Garrett Metcalf with a rebound. 15:57 of 1st period - Brian Dumoulin is hit by Carl Grundstrom. 17:15 of 1st period - Marc-Edouard Vlasic is hit by Jesse Puljujarvi and loses puck. 17:24 of 1st period - Shot by Brayden Point. 17:24 of 1st period - Stopped by Cameron Talbot without a rebound. 17:25 of 1st period - Jonathan Toews wins face-off versus Ilya Usau in PORTLAND PIRATES zone. 17:59 of 1st period - Shot by Neal Pionk. 17:59 of 1st period - Stopped by Cameron Talbot without a rebound. 18:00 of 1st period - Mika Zibanejad wins face-off versus Brayden Point in PORTLAND PIRATES zone. 18:27 of 1st period - Shot by Mika Zibanejad. 18:27 of 1st period - Shot Misses the Net. 18:40 of 1st period - Shot by Travis Konecny. 18:40 of 1st period - Shot Misses the Net. 18:42 of 1st period - Shot by Alec Martinez. 18:42 of 1st period - Shot Misses the Net. 18:55 of 1st period - Icing by Adam Pelech. 18:56 of 1st period - Jonathan Toews wins face-off versus Brayden Point in SAN JOSE BRONCOS zone. 19:27 of 1st period - Shot by Kyle Palmieri. 19:27 of 1st period - Shot Misses the Net. 19:29 of 1st period - Shot by Jonathan Toews. 19:29 of 1st period - Stopped by Garrett Metcalf without a rebound. 19:30 of 1st period - Chandler Stephenson wins face-off versus Clayton Keller in SAN JOSE BRONCOS zone. Goals for this period are 0 for SAN JOSE BRONCOS vs 2 for PORTLAND PIRATES. Shots for this period are 6 for SAN JOSE BRONCOS vs 12 for PORTLAND PIRATES. 2nd period 0:01 of 2nd period - Chandler Stephenson wins face-off versus Clayton Keller in neutral zone. 0:27 of 2nd period - Icing by Brett Pesce. 0:28 of 2nd period - Chandler Stephenson wins face-off versus Tyson Jost in PORTLAND PIRATES zone. 0:28 of 2nd period - Chandler Stephenson is hit by Carl Grundstrom. 0:45 of 2nd period - Shot by Chandler Stephenson. 0:45 of 2nd period - Shot Blocked by Jake Walman. 0:52 of 2nd period - Chandler Stephenson is hit by Jake Walman and loses puck. 1:16 of 2nd period - Robert Thomas is hit by Adam Pelech and loses puck. 1:31 of 2nd period - Shot by Mika Zibanejad. 1:31 of 2nd period - Shot Misses the Net. 1:53 of 2nd period - Icing by Jake Walman. 1:54 of 2nd period - Tyson Jost wins face-off versus Michael McLeod in SAN JOSE BRONCOS zone. 1:54 of 2nd period - Adam Pelech is hit by Michael McLeod and loses puck. 2:00 of 2nd period - Adam Pelech is hit by Alec Martinez and loses puck. 2:17 of 2nd period - Shot by Clayton Keller. 2:17 of 2nd period - Shot Misses the Net. 2:19 of 2nd period - Shot by Neal Pionk. 2